 Dungeon Crawl Stone Soup version 0.30-a0-121-gb27577e5d9 (webtiles) character file.

Game seed: 18201215368810417514

129 tilp the Grave Robber (level 4, -3/34 HPs)
             Began as a Mummy Necromancer on Sept 14, 2022.
             Killed from afar by an orc wizard (9 damage)
             ... with a puff of flame
             ... on level 4 of the Dungeon.
             The game lasted 00:04:46 (2928 turns).

tilp the Grave Robber (Mummy Necromancer)           Turns: 2928, Time: 00:04:47

Health: -3/34      AC:  7    Str: 11    XL:     4   Next: 88%
Magic:  2/8        EV: 12    Int: 22    God:
Gold:   123        SH:  0    Dex: 10    Spells: 3/9 levels left

rFire   x . .      SeeInvis .    a - +8 hand axe of Anger {flame, rPois rC+ Int+6 Dex-2}
rCold   + + .      Faith    +    (no shield)
rNeg    + + +      Spirit   .    d - +0 robe
rPois   ∞          Reflect  .    (no helmet)
rElec   .          Harm     .    h - +2 cloak
rCorr   .          Rampage  .    e - +1 pair of gloves
Will    .....                    (no boots)
Stlth   ++........               (no amulet)
HPRegen 0.11/turn                (no ring)
MPRegen 0.11/turn                (no ring)

@: no status effects
A: cold resistance 1, negative energy resistance 3, torment resistance 2, heat
vulnerability 1, in touch with death 1, no potions, faith
a: no special abilities


You were on level 4 of the Dungeon.
You visited 1 branch of the dungeon, and saw 4 of its levels.

You collected 123 gold pieces.

Inventory:

Hand Weapons
 a - the +8 hand axe of Anger (weapon) {flame, rPois rC+ Int+6 Dex-2}
   (You found it on level 4 of the Dungeon)

   It burns those it strikes, dealing additional fire damage.
   Big, fiery blades are also staple armaments of hydra-hunters.
   Int:       It affects your intelligence (+6).
   Dex:       It affects your dexterity (-2).
   rC:        It protects you from cold.
   rPois:     It protects you from poison.
 b - a +2 dagger of pain
Missiles
 c - 23 stones
 f - 4 javelins
 g - 5 datura-tipped darts
 j - 11 poisoned darts (quivered)
 p - 4 boomerangs
 q - 2 silver boomerangs
Armour
 d - a +0 robe (worn)
 e - a +1 pair of gloves (worn)
 h - a +2 cloak (worn)
Scrolls
 i - a scroll of silence
 k - 3 scrolls of amnesia
 l - a scroll of poison
 m - a scroll of magic mapping {unknown}
 n - a scroll of summoning {unknown}
 o - a scroll of blinking {unknown}


   Skills:
 * Level 2.8 Fighting
 - Level 2.0 Dodging
 - Level 2.0 Stealth
 - Level 3.0 Spellcasting
 * Level 4.9 Necromancy


You had 3 spell levels left.
You knew the following spells:

 Your Spells              Type           Power      Damage    Failure   Level
a - Necrotise             Necr           100%       1d9       1%          1
b - Vampiric Draining     Necr           37%        2d8       4%          3
c - Cigotuvi's Dreadful   Necr/Pois/Air  30%        N/A       10%         2

Your spell library contained the following spells:

 Spells                   Type           Power      Damage    Failure   Level
 Poisonous Vapours        Pois/Air       6%         N/A       19%         2
 Gell's Gravitas          Tloc           3%         N/A       36%         3
 Teleport Other           Tloc           3%         N/A       36%         3
 Animate Dead             Necr           37%        N/A       16%         4
 Dispel Undead            Necr           37%        3d15      16%         4
 Agony                    Necr           37%        N/A       41%         5
 Death Channel            Necr           18%        N/A       94%         6
 Dispersal                Tloc           1%         N/A       100%        6


Dungeon Overview and Level Annotations

Branches:
Dungeon (4/15)
 Temple: D:4-7

Altars:


Innate Abilities, Weirdness & Mutations

You are immune to poison.
Your flesh is cold resistant. (rC+)
You are immune to negative energy. (rN+++)
You are immune to unholy pain and torment.
You are vulnerable to heat. (rF-)
You are in touch with the powers of death.
You do not drink.
You have a special connection with the divine. (Faith)


Message History

Press: ? - help, Shift-Dir - straight line, f - orc
Aim: an orc, wielding a +0 whip, wearing a +0 chain mail and quivering boomerangs You feel a surge of power!
You draw life force from the orc.
You feel life coursing into your body. The orc closely misses you.
Something hits you but does no damage.
Unknown command.
Unknown command.
Casting: Vampiric Draining (dangerous; 6% risk of failure)
Confirm with . or Enter, or press ? or * to list all spells.
Aiming: Vampiric Draining (dangerous; 6% risk of failure)
Press: ? - help, Shift-Dir - straight line, p - orc You feel a surge of power!
You draw life force from something!
Reactivating autopickup.
You feel a bit more experienced.
You feel life coursing into your body.
Your life force feels restored.
Unknown command.
Unknown command.
Unknown command.
You slash the orc priest! You burn the orc priest.
You kill the orc priest!
Unknown command.
Casting: Vampiric Draining (dangerous; 4% risk of failure)
Confirm with . or Enter, or press ? or * to list all spells.
You don't have enough magic to cast this spell.
Unknown command.
Unknown command.
You hit the orc wizard. You burn the orc wizard.
The orc wizard is moderately wounded.
The orc wizard gestures wildly while chanting.
The orc wizard flickers and vanishes!
Deactivating autopickup; reactivate with Ctrl-A.
Unknown command.
You hit something. You burn something. Something hits you.
* * * LOW HITPOINT WARNING * * *
Unknown command.
You closely miss something.
You hear some strange, mumbled words.
A puff of flame appears from out of thin air!
The puff of flame hits you! The fire burns you terribly!
You die...

#.... ## #....# #.... ..
#.$..# #.... #. #....#
#.##.... #. #....#
#......< #.
#....########.†# ######.
#....+..........
......g###....######..###
.....oo{@....# #.....
......####.#.# #####...##
..... ...#.# #.......##
.... #####.###.####..).
... #..........### ..
######.##### # .
#)####### #........
#########


You could see 2 orcs and a hobgoblin.

Vanquished Creatures
  An orc priest (D:4)
  An orc wizard (D:4)
  An adder (D:3)
  A worm (D:2)
  6 orcs
  5 endoplasms
  4 giant cockroaches
  6 goblins
  8 hobgoblins
  4 quokkas
  3 ball pythons
  3 bats
  A frilled lizard (D:3)
  4 kobolds
  A rat (D:2)
49 creatures vanquished.

Vanquished Creatures (collateral kills)
  A ball python (D:1)
1 creature vanquished.

Grand Total: 50 creatures vanquished

Notes
Turn   | Place    | Note
-------+----------+-------------------------------------------
     0 | D:1      | tilp the Mummy Necromancer began the quest for the Orb.
     0 | D:1      | Reached XP level 1. HP: 13/13 MP: 4/4
   361 | D:1      | Reached XP level 2. HP: 20/20 MP: 2/5
   542 | D:1      | Reached skill level 1 in Fighting
  1185 | D:2      | Found a faded altar of an unknown god.
  1459 | D:2      | Gained mutation: You are in touch with the powers of death.
                  | [Mummy growth]
  1459 | D:2      | Reached XP level 3. HP: 23/26 MP: 1/7
  1463 | D:2      | Learned a level 3 spell: Vampiric Draining
  1987 | D:2      | Learned a level 2 spell: Cigotuvi's Dreadful Rot
  2785 | D:3      | Reached XP level 4. HP: 32/32 MP: 8/8
  2880 | D:4      | Identified the +8 hand axe of Anger {flame, rPois rC+ Int+6
                  | Dex-2}
  2928 | D:4      | Killed from afar by an orc wizard

Illustrated notes

Levels and vault maps discovered:
D:1:      onia_arrival_mini_spirals, layout_loops_ring
D:2:      minmay_inner_zag, layout_basic, hellmonk_ecumenical_altar_zigzags
D:3:      layout_basic
D:4:      layout_basic, mainiacjoe_overflow_boulevard, uniq_eustachio

Skill      XL: |  1  2  3 |
---------------+----------+-----
Fighting       | 1 2 |  2.8
Spellcasting   | 3 |  3.0
Stealth        | 2 |  2.0
Dodging        | 2 |  2.0
Necromancy     | |  4.9

Action                   |  1- 3 |  4- 6 || total
-------------------------+-------+-------++-------
Melee: Short sword       |    11 |       ||    11
       Dagger            |    25 |     2 ||    27
       Hand axe          |       |    12 ||    12
 Cast: Necrotise         |    55 |       ||    55
       Vampiric Draining |     1 |     2 ||     3
       Cigotuvi's Dreadf |     1 |       ||     1
  Use: Scroll            |     7 |       ||     7
 Stab: Sleeping          |     2 |     1 ||     3
Armor: Robe              |    13 |     7 ||    20
Dodge: Dodged            |    35 |     3 ||    38

Table legend: (Time is in decaauts)
 A = Elapsed time spent in this place.
 B = Non-inter-level travel time spent in this place.
 C = Inter-level travel time spent in this place.
 D = Time resting spent in this place.
 E = Time spent auto-exploring this place.
 F = Levels seen in this place.
 G = Mean time per level.
                   A        B        C        D        E       F      G
               +--------+--------+--------+--------+--------+-----+--------+
         Total |   2929 |   2815 |    114 |    131 |   2336 |   4 |  732.2 |
       Dungeon |   2929 |   2815 |    114 |    131 |   2336 |   4 |  732.2 |
               +--------+--------+--------+--------+--------+-----+--------+

Top non-repeatable levels by time:
     D:2: 1153 daAuts
     D:1: 1147 daAuts
     D:3: 560 daAuts
     D:4: 67 daAuts
